Map: Ultralove

Players

wootwoot - Winner!

  • Race: Zerg Zerg
  • League: Diamond
  • Spawn Location: 7:00

IIIIIIIIII

  • Race: Protoss Protoss
  • League: Diamond
  • Spawn Location: 1:00

VOD

Have the link to the VOD?

Description

Time

  • Played on: April 3, 2025, 12:46 a.m.
  • Length: 2:40
Show
View Real Time Build Order
Export as new Build Order

wootwoot Zerg - Winner!

Build Orders: Pool Only 

Get SALT Encoding   

  12  0:18  Spawning Pool  
  11  0:21  Drone  
  11  0:26  Drone  
  13  0:30  Drone  
  14  0:39  Overlord  
  14  1:05  Zergling x6  
  17  1:16  Zergling x2  
  18  1:27  Zergling x2  
  19  1:38  Zergling x2  
  20  1:48  Zergling x2  
  20  2:19  Zergling x2  
Show
View Real Time Build Order
Export as new Build Order

IIIIIIIIII Protoss 

Build Orders:  

Get SALT Encoding   

  12  0:00  Probe  
  13  0:17  Pylon  
  13  0:18  Probe  
  14  0:32  Probe  
  15  0:40  Gateway, Probe  
  15  0:48  Probe  
  16  0:56  Assimilator  
  17  0:59  Probe  
  19  1:11  Probe  
  19  1:23  Pylon  
  19  1:25  Zealot  
  19  1:30  Forge  
  21  1:38  Gateway  
  19  2:03  Photon Cannon  
  19  2:06  Photon Cannon  
  19  2:08  Zealot  
  19  2:09  Pylon  
  19  2:13  Pylon  
Tags
 
Matchup
PvZ
Opening
Pool Only
Replay Pack
B2M-Replays
Spawn Locations
Cross Positions
Add a new tag
Caveats
  • Supply blocks, unpowered buildings, or Contaminate may cause inaccurate times.
  • Supply counts are checked every 10 seconds.